 Dungeon Crawl Stone Soup version 0.21-a0-426-g98080a9 (webtiles) character file.

16 kae the Ruffian (level 2, 0/23 HPs)
             Began as a Draconian Transmuter on Nov 7, 2017.
             Slain by a leopard gecko (5 damage)
             ... on level 1 of the Dungeon.
             The game lasted 00:00:17 (349 turns).

kae the Ruffian (Draconian Transmuter)               Turns: 349, Time: 00:00:18

Health: 0/23       AC:  4    Str: 12    XL:     2   Next: 41%
Magic:  5/5        EV: 12    Int: 13    God:
Gold:   24         SH:  0    Dex: 11    Spells: 4/5 levels left

rFire    . . .     SeeInvis .     - Unarmed
rCold    . . .     Gourm    .   (no shield)
rNeg     . . .     Faith    .   (armour unavailable)
rPois    .         Spirit   .   (helmet restricted)
rElec    .         Reflect  .   (no cloak)
rCorr    .         Harm     .   (no gloves)
MR       .....                  (no boots)
Stlth    +.........             (no amulet)
HPRegen  0.07/turn              (no ring)
MPRegen  0.09/turn              (no ring)

@: appendage (expiring)
A: unfitting armour, horns 2, cold-blooded, AC +4
a: End Transformation


You were on level 1 of the Dungeon.
You were not hungry.
You had grown temporary horns.
You visited 1 branch of the dungeon, and saw 1 of its levels.

You collected 24 gold pieces.

Inventory:

Missiles
 a - 12 arrows
Scrolls
 d - a scroll of random uselessness {unknown}
Potions
 e - a potion of might {unknown}
Books
 b - a book of Changes

   Spells                             Type                      Level
   a - Beastly Appendage              Transmutation                1
   b - Sticks to Snakes               Transmutation                2
   c - Spider Form                    Transmutation/Poison         3
   d - Ice Form                       Ice/Transmutation            4
   e - Blade Hands                    Transmutation                5
Comestibles
 c - a bread ration


   Skills:
 + Level 1.5 Fighting
 - Level 1.7 Dodging
 * Level 3.3 Unarmed Combat
 + Level 2.2 Spellcasting
 + Level 2.2 Transmutations


You had 4 spell levels left.
You knew the following spells:

 Your Spells              Type           Power        Failure   Level  Hunger
a - Beastly Appendage     Tmut           #.....       10%         1    ##.....


Dungeon Overview and Level Annotations

Branches:
Dungeon (1/15)

Altars:


Innate Abilities, Weirdness & Mutations

Your plain brown scales are hard. (AC +4)
You cannot fit into any form of body armour.
You are cold-blooded and may be slowed by cold attacks.
You have a pair of horns on your head.


Message History

The leopard gecko closely misses you.
You hit the leopard gecko.
The leopard gecko is moderately wounded.
The leopard gecko barely misses you.
You barely miss the leopard gecko.
You headbutt the leopard gecko, but do no damage.
Your tail-slap misses the leopard gecko.
The leopard gecko is lightly wounded.
The leopard gecko misses you.
You hit the leopard gecko.
The leopard gecko is almost dead.
The leopard gecko closely misses you.
You barely miss the leopard gecko.
The leopard gecko is almost dead.
The leopard gecko barely misses you. The leopard gecko bites you.
* * * LOW HITPOINT WARNING * * *
You closely miss the leopard gecko.
The leopard gecko is almost dead.
The leopard gecko bites you.
You die...

#...# #.# #.#
#.# #...#
#.### #.# #.#
#...# #.#.. ..
#.# #.#.# #.#
#.# #.#
#.#########.##
#............#
#.############
#@.......
#l#######
l.....)..#
......#..#
#####.#..# #
#..# #..# #..#
#..#


You could see a leopard gecko.

Vanquished Creatures
  An ooze (D:1)
  A goblin (D:1)
  2 hobgoblins (D:1)
  3 bats (D:1)
  5 kobolds (D:1)
  A rat (D:1)
13 creatures vanquished.

Notes
Turn   | Place    | Note
-------+----------+-------------------------------------------
     0 | D:1      | kae the Draconian Transmuter began the quest for the Orb.
     0 | D:1      | Reached XP level 1. HP: 16/16 MP: 3/3
   178 | D:1      | Reached XP level 2. HP: 19/23 MP: 5/5
   349 | D:1      | Slain by a leopard gecko

Vault maps used:
D:1:      dpeg_arrival_stone_temple_mockup

Action                   || total
-------------------------++-------
Melee: Unarmed           ||    53
       Tailslap          ||    10
       Headbutt          ||     1
 Cast: Beastly Appendage ||     1
 Stab: Sleeping          ||     1
Armor: Skin              ||    12
Dodge: Dodged            ||    43

Table legend:
 A = Spawn XP
 B = Non-spawn XP
 C = Spawn XP percentage of total XP
 D = Spawn monster count
 E = Non-spawn monster count
 F = Spawn count percentage of total count
 G = Total turns spent on level
                    A         B        C        D         E        F      G
               +---------+---------+-------+---------+---------+-------+---------
         Total |       0 |      24 |   0.0 |       0 |      13 |   0.0 |   349
               +---------+---------+-------+---------+---------+-------+---------
           D:1 |       0 |      24 |   0.0 |       0 |      13 |   0.0 |   349
               +---------+---------+-------+---------+---------+-------+---------
